 Dungeon Crawl Stone Soup version 0.31-a0-1570-g93c622d222 (webtiles) character file.

Game seed: 12780575609245922213

388 innerfire43 the Trooper (level 6, -1/56 HPs)
             Began as a Demonspawn Wanderer on Jan 3, 2024.
             Slain by Newt's ghost (4 damage)
             ... on level 3 of the Dungeon.
             The game lasted 00:05:17 (2610 turns).

innerfire43 the Trooper (Demonspawn Wanderer)       Turns: 2610, Time: 00:05:17

Health: -1/56      AC: 12    Str: 16 (17) XL:     6   Next: 49%
Magic:  6/6        EV:  9    Int: 17 (19) God:
Gold:   103        SH: 11    Dex:  8 (11) Spells: 5/5 levels left

rFire   . . .        c - +3 club (spect)
rCold   . . .        e - +2 buckler
rNeg    . . .        i - +2 scale mail {rF+}
rPois   +            (no helmet)
rElec   .            q - +1 cloak {Stlth+}
rCorr   .            g - +0 pair of gloves
SInv    .            (no boots)
Will    .....        h - amulet of reflection
Stlth   +            o - +6 ring of intelligence
HPRegen 0.29/turn    l - ring of poison resistance
MPRegen 0.10/turn

%: reflection
@: mighty
A: foul stench 2, powered by pain 1, demonic touch 2, clever 1, robust 1, heat
vulnerability 1
a: no special abilities


You were on level 3 of the Dungeon.
You visited 1 branch of the dungeon, and saw 3 of its levels.

You collected 103 gold pieces.

Inventory:

Hand Weapons
 a - a +0 club
 c - a +3 spectral club (weapon)
 k - a +0 mace
 p - a +2 quarterstaff of chaos
Missiles
 f - 2 javelins
Armour
 e - a +2 buckler (worn)
 g - a +0 pair of gloves (worn)
 i - a +2 scale mail of fire resistance (worn)
 q - a +1 cloak of stealth (worn)
 v - a +0 pair of gloves
Jewellery
 h - an amulet of reflection (around neck)
 l - a ring of poison resistance (right hand)
 o - a +6 ring of intelligence (left hand)
Scrolls
 d - 3 scrolls of blinking
 s - a scroll of fog {unknown}
 u - 3 scrolls of summoning {unknown}
Potions
 m - a potion of mutation
 t - a potion of resistance {unknown}


   Skills:
 + Level 5.0 Fighting
 + Level 2.4 Maces & Flails
 + Level 3.8 Armour
 * Level 4.7 Shields


You had 5 spell levels left.
You didn't know any spells.
Your spell library contained the following spells:

 Spells                   Type           Power      Damage    Failure   Level
 Magic Dart               Conj           0%         1d3       71%         1
 Blink                    Tloc           0%         N/A       83%         2
 Call Imp                 Summ           0%         N/A       83%         2


Dungeon Overview and Level Annotations

Branches:
Dungeon (3/15)

Altars:

Shops:
D:2 ?

Annotations:
D:3 1 transporter, Newt's ghost, amateur MfGl


Innate Abilities, Weirdness & Mutations

You sometimes emit foul miasma when damaged in melee.
You sometimes gain a little power by taking damage.
Your touch may inflict irresistible damage on your foes.
Your mind is acute. (Int +4, Str/Dex -1)
You are robust. (+10% HP)
You are vulnerable to heat. (rF-)


Message History

Newt's ghost is moderately damaged.
Your +3 spectral club hits Newt's ghost.
You block Newt's ghost's attack. x2
You hit Newt's ghost but do no damage.
Newt's ghost is heavily damaged.
Your +3 spectral club hits Newt's ghost.
Newt's ghost misses your +3 spectral club.
You hit Newt's ghost.
Newt's ghost is severely damaged.
Your +3 spectral club hits Newt's ghost but does no damage.
Newt's ghost hits you!
* * * LOW HITPOINT WARNING * * *
Newt's ghost burns you.
* * * LOW HITPOINT WARNING * * *
You feel better.
Your +3 spectral club disappears.
Newt's ghost hits you!
* * * LOW HITPOINT WARNING * * *
You barely miss Newt's ghost.
Newt's ghost is severely damaged.
Your +3 spectral club hits Newt's ghost but does no damage.
Newt's ghost whispers, "Death is liberation."
Newt's ghost hits you.
* * * LOW HITPOINT WARNING * * *
Newt's ghost burns you.
* * * LOW HITPOINT WARNING * * *
You emit a cloud of foul miasma!
It was a potion of degeneration.
There was something very wrong with that liquid.
You feel weakened.
You feel dopey.
You feel clumsy.
Your +3 spectral club disappears.
Newt's ghost hits you.
* * * LOW HITPOINT WARNING * * *
It was a potion of mutation.
You feel extremely strange.
You feel clever.
You feel vulnerable to heat.
You feel robust. You block Newt's ghost's attack.
It was a potion of might.
You feel very mighty all of a sudden. Newt's ghost hits you.
You die...

###################...#
#.................#..##
#.................#).#
#..#############.....#
#..#..........©#..#..#
#..#...........#..#..#
#..#..###.###..#..#..#
#..#..#8#.#8#..#..#..#
#..#..(..W@....#..#..#
#.©#!....©.....#©....#
#..#!..........#..#..#
#..#..#8#)#8#..#..#..#
#..#..###[###..#..#..###
#..#...........#.......####
#..#...........#...###.....
#..#############...# #.....
#..................###.####


You could see Newt's ghost.

Vanquished Creatures
  A water moccasin zombie (D:3)
  A bombardier beetle (D:3)
  Crazy Yiuf (D:2)
  A centaur skeleton (D:3)
  An iguana (D:2)
  Jessica (D:2)
  Terence (D:2)
  Natasha (thrice) (D:3)
  4 adders
  2 dart slugs
  2 ribbon worms (D:2)
  An orc (D:3)
  6 ball pythons
  3 bats
  5 endoplasms (D:1)
  A giant cockroach (D:1)
  9 goblins
  4 hobgoblins
  A kobold (D:1)
  A quokka (D:3)
  3 frilled lizards (D:1)
  4 rats
56 creatures vanquished.

Notes
Turn   | Place    | Note
-------+----------+-------------------------------------------
     0 | D:1      | innerfire43 the Demonspawn Wanderer began the quest for the
                  | Orb.
     0 | D:1      | innerfire43 set off with the following items: a +0 club, a
                  | potion of curing, a +0 scale mail, a scroll of blinking, a
                  | +2 buckler.
     0 | D:1      | Reached XP level 1. HP: 19/19 MP: 1/1
   133 | D:1      | Gained mutation: Your touch may inflict minor irresistible
                  | damage on your foes. [demonic ancestry]
   133 | D:1      | Reached XP level 2. HP: 23/25 MP: 2/2
   877 | D:2      | Gained mutation: You sometimes gain a little power by
                  | taking damage. [demonic ancestry]
   877 | D:2      | Reached XP level 3. HP: 30/30 MP: 3/3
   878 | D:2      | Noticed Terence
   910 | D:2      | Killed Terence
   911 | D:2      | Reached skill level 1 in Maces & Flails
  1061 | D:2      | Gained mutation: Your touch may inflict irresistible damage
                  | on your foes. [demonic ancestry]
  1061 | D:2      | Reached XP level 4. HP: 32/38 MP: 4/4
  1157 | D:2      | Found a runed translucent door.
  1158 | D:2      | Noticed Crazy Yiuf
  1262 | D:2      | Noticed Jessica
  1270 | D:2      | Killed Jessica
  1345 | D:2      | Found Nozumutriu's Magic Scroll Shoppe.
  1800 | D:2      | Killed Crazy Yiuf
  1801 | D:2      | Gained mutation: You may rarely emit foul miasma when
                  | damaged in melee. [demonic ancestry]
  1801 | D:2      | Reached XP level 5. HP: 28/43 MP: 5/5
  1985 | D:3      | Noticed Natasha
  1988 | D:3      | Killed Natasha
  2126 | D:3      | Noticed Natasha
  2144 | D:3      | Killed Natasha
  2183 | D:3      | Found a transporter.
  2184 | D:3      | Noticed Newt's ghost (amateur MfGl)
  2193 | D:3      | Noticed Natasha
  2198 | D:3      | Killed Natasha
  2269 | D:3      | Gained mutation: You sometimes emit foul miasma when
                  | damaged in melee. [demonic ancestry]
  2269 | D:3      | Reached XP level 6. HP: 39/50 MP: 6/6
  2353 | D:3      | Found a transporter.
  2593 | D:3      | Reached skill level 5 in Fighting
  2608 | D:3      | HP: 2/51 [Newt's ghost (2)]
  2609 | D:3      | Gained mutation: Your mind is acute. (Int +4, Str/Dex -1)
                  | [potion of mutation]
  2609 | D:3      | Gained mutation: You are vulnerable to heat. (rF-) [potion
                  | of mutation]
  2609 | D:3      | Gained mutation: You are robust. (+10% HP) [potion of
                  | mutation]
  2610 | D:3      | Slain by Newt's ghost

Illustrated notes

Levels and vault maps discovered:
D:1:      minmay_arrival_shoal_huts, layout_basic, minmay_tree_intersection
D:2:      layout_loops_cross, serial_bayou, serial_bayou_pond_d,
          serial_bayou_shore_b, serial_bayou_pond_c, serial_bayou_lake_a,
          serial_shops, shop, uniq_terence, uniq_jessica,
          uniq_crazy_yiuf_cottage
D:3:      layout_loops_ring, gammafunk_ghost_mausoleum, uniq_natasha

Skill      XL: |  1  2  3  4  5  6 |
---------------+-------------------+-----
Shields        | 3 4 |  4.7
Maces & Flails | 1 2 |  2.4
Armour         | 3 |  3.8
Fighting       | 5 |  5.0

Action                     |  1- 3 |  4- 6 || total
---------------------------+-------+-------++-------
  Melee: Club              |   130 |   112 ||   242
         Mace              |     8 |    22 ||    30
    Use: Scroll            |     1 |     1 ||     2
         Potion            |       |     6 ||     6
   Stab: Distracted        |       |     3 ||     3
 Armour: Scale mail        |    65 |    64 ||   129
  Dodge: Dodged            |    36 |    32 ||    68
  Block: Buckler           |    68 |   100 ||   168
         Reflection        |     4 |     3 ||     7

Table legend: (Time is in decaauts)
 A = Elapsed time spent in this place.
 B = Non-inter-level travel time spent in this place.
 C = Inter-level travel time spent in this place.
 D = Time resting spent in this place.
 E = Time spent auto-exploring this place.
 F = Levels seen in this place.
 G = Mean time per level.
                   A        B        C        D        E       F      G
               +--------+--------+--------+--------+--------+-----+--------+
         Total |   2744 |   2709 |     35 |      0 |   2076 |   3 |  914.7 |
       Dungeon |   2744 |   2709 |     35 |      0 |   2076 |   3 |  914.7 |
               +--------+--------+--------+--------+--------+-----+--------+

Top non-repeatable levels by time:
     D:2: 1135 daAuts
     D:1: 856 daAuts
     D:3: 752 daAuts
